 Seeded DCSS version 0.30.1-4-g462c640d31 (webtiles) character file.

Game seed: 701750224110604655 (custom seed)

10 CarvArkoylaein the Covered (level 2, 0/20 HPs)
             Began as a Gnoll Wanderer on Sept 1, 2023.
             Slain by an adder (1 damage)
             ... on level 2 of the Dungeon.
             The game lasted 00:04:01 (224 turns).

CarvArkoylaein the Covered (Gnoll Wanderer)          Turns: 224, Time: 00:04:02

Health: 0/20       AC:  2    Str:  9    XL:     2   Next: 20%
Magic:  5/5        EV: 12    Int: 14    God:
Gold:   52         SH:  0    Dex: 10    Spells: 5/6 levels left

rFire   . . .        a - +0 spear
rCold   . . .        (no shield)
rNeg    . . .        e - +0 robe
rPois   .            (no helmet)
rElec   .            (no cloak)
rCorr   .            (no gloves)
SInv    .            (no boots)
Will    .....        (no amulet)
Stlth   +            (no ring)
HPRegen 0.23/turn    (no ring)
MPRegen 0.09/turn

%: no passive effects
@: no status effects
A: fangs 1, strong nose, distributed training
a: no special abilities


You were on level 2 of the Dungeon.
You visited 1 branch of the dungeon, and saw 2 of its levels.

You collected 52 gold pieces.

Inventory:

Hand Weapons
 a - a +0 spear (weapon)
 c - a +0 dagger
Missiles
 b - 13 poisoned darts
Armour
 e - a +0 robe (worn)
Scrolls
 d - a scroll of fog
 f - a scroll of immolation {unknown}
 g - a scroll of teleportation {unknown}
 j - a scroll of brand weapon {unknown}
Potions
 h - a potion of resistance {unknown}
 i - a potion of might {unknown}
 k - a potion of brilliance {unknown}


   Skills:
 + Level 0.3 Fighting
 + Level 0.3 Short Blades
 + Level 0.3 Long Blades
 + Level 0.3 Axes
 + Level 0.3 Maces & Flails
 + Level 4.4 Polearms
 + Level 0.3 Staves
 + Level 0.3 Ranged Weapons
 + Level 4.4 Throwing
 + Level 4.4 Armour
 + Level 2.4 Dodging
 + Level 0.3 Stealth
 + Level 0.3 Shields
 + Level 0.3 Unarmed Combat
 + Level 2.7 Spellcasting
 + Level 0.2 Conjurations
 + Level 0.2 Hexes
 + Level 3.7 Summonings
 + Level 0.2 Necromancy
 + Level 0.2 Translocations
 + Level 0.2 Transmutations
 + Level 0.2 Fire Magic
 + Level 0.2 Ice Magic
 + Level 0.2 Air Magic
 + Level 0.2 Earth Magic
 + Level 0.2 Poison Magic
 + Level 0.4 Invocations
 + Level 0.3 Evocations


You had 5 spell levels left.
You knew the following spells:

 Your Spells              Type           Power      Damage    Failure   Level
a - Summon Small Mammal   Summ           48%        N/A       4%          1

Your spell library contained the following spells:

 Spells                   Type           Power      Damage    Failure   Level
 Summon Guardian Golem    Hex/Summ       7%         N/A       30%         3
 Animate Armour           Summ/Erth      14%        N/A       69%         4


Dungeon Overview and Level Annotations

Branches:
Dungeon (2/15)

Altars:


Innate Abilities, Weirdness & Mutations

You have very sharp teeth.
Your uncanny sense of smell can sniff out nearby items.
Your experience applies equally to all skills.


Message History

The adder is lightly wounded.
The adder bites you.
You miss the adder. Your bite misses the adder.
The adder is lightly wounded.
The adder closely misses you.
You barely miss the adder.
The adder is lightly wounded.
The adder bites you but does no damage. The adder bites you.
You hit the adder but do no damage.
The adder is lightly wounded.
The adder bites you but does no damage.
You hit the adder.
The adder is moderately wounded.
The adder barely misses you. The endoplasm freezes you.
You are frozen.
You hit the adder.
The adder is heavily wounded.
The adder barely misses you. The endoplasm barely misses you.
You barely miss the adder. You bite the adder, but do no damage.
The adder is heavily wounded.
The adder completely misses you. The endoplasm freezes you.
You are frozen.
You closely miss the adder.
The adder is heavily wounded.
The adder bites you.
* * * LOW HITPOINT WARNING * * *
You closely miss the adder. You bite the adder.
The adder is heavily wounded.
The adder barely misses you. The endoplasm freezes you.
You are frozen.
* * * LOW HITPOINT WARNING * * *
You hit the adder but do no damage.
The adder is heavily wounded.
The adder bites you.
* * * LOW HITPOINT WARNING * * *
The endoplasm barely misses you. The adder bites you.
You die...

#.# #.#
#.#
####<####
#.......#
##
#.##.##.#
.. #
#.##.##.#
#...SJ..#
####@####
#......!#
#########


You could see an adder and an endoplasm.

Vanquished Creatures
  A bat (D:1)
  An endoplasm (D:1)
  A hobgoblin (D:1)
  A kobold (D:1)
  A quokka (D:1)
  A frilled lizard (D:1)
6 creatures vanquished.

Vanquished Creatures (collateral kills)
  2 goblins (D:1)
2 creatures vanquished.

Grand Total: 8 creatures vanquished

Notes
Turn   | Place    | Note
-------+----------+-------------------------------------------
     0 | D:1      | CarvArkoylaein the Gnoll Wanderer began the quest for the
                  | Orb.
     0 | D:1      | CarvArkoylaein set off with the following items: a +0
                  | spear, 13 poisoned darts, a +0 dagger, a scroll of fog, a
                  | +0 robe; and the following spell memorised: Summon Small
                  | Mammal; and the following spells available to memorise:
                  | Summon Guardian Golem, Animate Armour.
     0 | D:1      | Reached XP level 1. HP: 13/13 MP: 4/4
   110 | D:1      | Reached XP level 2. HP: 19/19 MP: 3/5
   224 | D:2      | HP: 1/20 [adder (4)]
   224 | D:2      | Slain by an adder

Illustrated notes

Levels and vault maps discovered:
D:1:      dpeg_arrival_orchard, layout_loops_ring, serial_shops, shop
D:2:      layout_loops_cross

Action                     || total
---------------------------++-------
  Melee: Spear             ||    32
         Bite              ||     2
   Cast: Summon Small Mamm ||     2
 Armour: Robe              ||     6
  Dodge: Dodged            ||    24
